 Dungeon Crawl Stone Soup version 0.23-a0-143-g1adec7b (webtiles) character file.

16263 Inarius the Blocker (level 12, -9/82 HPs)
             Began as a Halfling Fighter on Sept 3, 2018.
             Was a High Priest of Dithmenos.
             Mangled by a seven-headed hydra (13 damage)
             ... on level 1 of the Lair of Beasts.
             The game lasted 00:43:24 (17157 turns).

Inarius the Blocker (Halfling Fighter)             Turns: 17157, Time: 00:43:26

Health: -9/82      AC: 13    Str: 24    XL:     12   Next: 68%
Magic:  12/12      EV: 18    Int:  6    God:    Dithmenos [*****.]
Gold:   20         SH: 16    Dex: 15    Spells: 11/11 levels left

rFire    . . .     SeeInvis .   b - +4 dagger (venom)
rCold    . . .     Gourm    .   c - +0 shield
rNeg     . . .     Faith    .   J - +3 troll leather armour {Snorg}
rPois    .         Spirit   .   H - +2 helmet
rElec    .         Reflect  +   (no cloak)
rCorr    .         Harm     .   (no gloves)
MR       .....                  E - +1 pair of boots
Stlth    +++++++...             y - +3 amulet of reflection
HPRegen  0.63/turn              e - +3 ring of strength
MPRegen  0.13/turn              q - +2 ring of evasion

@: wreathed by umbra
A: small, mutation resistance 1
a: Shadow Step, Shadow Form, Renounce Religion


You were on level 1 of the Lair of Beasts.
You worshipped Dithmenos.
Dithmenos was extremely pleased with you.
You were not hungry.

You visited 3 branches of the dungeon, and saw 13 of its levels.
You also visited: Ossuary.

You collected 651 gold pieces.
You spent 631 gold pieces at shops.

Inventory:

Hand Weapons
 a - a +0 hunting sling of velocity
 b - a +4 dagger of venom (weapon)
 i - a +0 rapier
Missiles
 j - 323 stones (quivered)
 C - 40 sling bullets
Armour
 c - a +0 shield (worn)
 m - a +0 scale mail
 E - a +1 pair of boots (worn)
 G - the +0 ring mail "Kery" {Dex+3}
   (You bought it in a shop on level 7 of the Dungeon)

   It affects your dexterity (+3).
 H - a +2 helmet (worn)
 J - a +3 troll leather armour (worn) {Snorg}
Jewellery
 d - an uncursed ring of positive energy
 e - a +3 ring of strength (left hand)
 q - a +2 ring of evasion (right hand)
 y - a +3 amulet of reflection (around neck)
Wands
 l - a wand of flame (18)
 s - a wand of clouds (2)
 M - a wand of paralysis (19)
 N - a wand of disintegration (24)
 O - a wand of digging (16)
 P - a wand of polymorph (10)
 Q - a wand of iceblast (10)
Scrolls
 k - a scroll of vulnerability
 o - 7 scrolls of magic mapping
 p - 3 scrolls of remove curse
 u - 2 scrolls of amnesia
 A - 2 scrolls of immolation
 F - a scroll of summoning {unknown}
Potions
 g - a potion of flight
 h - a potion of ambrosia
 n - a potion of agility
 r - a potion of resistance
 t - a potion of magic
 w - 2 potions of curing
 B - 3 potions of lignification
 L - 2 potions of brilliance
Miscellaneous
 K - a lightning rod (4/4)
Comestibles
 f - 23 rations
 x - 14 chunks of flesh


   Skills:
 * Level 7.9 Fighting
 + Level 8.7 Short Blades
 + Level 10.4 Slings
 + Level 7.0 Armour
 + Level 6.0 Dodging
 * Level 10.4 Stealth
 + Level 10.6 Shields
 + Level 1.1 Evocations


You had 11 spell levels left.
You didn't know any spells.
Your spell library contained the following spells:

 Spells                   Type           Power        Failure   Level  Hunger
 Animate Skeleton         Necr           N/A          82%         1    ##.....
 Apportation              Tloc           #.....       82%         1    ##.....
 Confusing Touch          Hex            #.....       82%         1    ##.....
 Magic Dart               Conj           #...         82%         1    ##.....
 Summon Butterflies       Summ           #.......     82%         1    ##.....
 Summon Small Mammal      Summ           #...         82%         1    ##.....
 Blink                    Tloc           N/A          91%         2    ###....
 Call Imp                 Summ           #.......     91%         2    ###....
 Slow                     Hex            #.......     91%         2    ###....
 Conjure Flame            Conj/Fire      #.......     99%         3    ####...
 Lesser Beckoning         Tloc           #.........   99%         3    ####...
 Mephitic Cloud           Conj/Pois/Air  #.......     99%         3    ####...
 Tukima's Dance           Hex            #.......     99%         3    ####...
 Alistair's Intoxication  Tmut/Pois      #.......     100%        5    ######.
 Invisibility             Hex            #.......     100%        6    #######


Dungeon Overview and Level Annotations

Branches:
Dungeon (11/15)            Temple (1/1) D:5            Lair (1/6) D:11
    Orc (0/2) D:11

Altars:
Cheibriados
Dithmenos
Elyvilon
Fedhas
Gozag
Hepliaklqana
Makhleb
Okawaru
Qazlal
Ru
Sif Muna
Trog
Vehumet
Yredelemnul
Zin
The Shining One
Beogh

Shops:
D:6 ?   D:7 *   D:8 ?:

Annotations:
D:11 3 runed doors, HydraWiggins's ghost, novice TrIE


Innate Abilities, Weirdness & Mutations

You are small and have problems with some larger weapons.
You are somewhat resistant to further mutation.


Message History

* * * LOW HITPOINT WARNING * * *
You block the seven-headed hydra's attack.
Unknown command.
You hit the seven-headed hydra.
The seven-headed hydra is heavily wounded.
Unknown command.
Unknown command.
You puncture the seven-headed hydra!
The seven-headed hydra looks as sick as possible!
The seven-headed hydra is severely wounded.
The seven-headed hydra closely misses you.
The seven-headed hydra completely misses you.
The seven-headed hydra bites you!
* * * LOW HITPOINT WARNING * * *
The seven-headed hydra bites you!
* * * LOW HITPOINT WARNING * * *
The seven-headed hydra closely misses you.
You block the seven-headed hydra's attack.
The seven-headed hydra bites you!
You die...

#...# ..... #
...# #. #..# ..
..## #. #..#
#..##D###
#...@...######.
###
#...###..........
..# #P.
###.##.#.# #.# #
#.# #.# ##>## #.#
#...# ##.##
##.#########..#.
#...........>...
#..######†###...


You could see a seven-headed hydra.

Vanquished Creatures
  Snorg (D:10)
  A two-headed ogre (D:9)
  2 unseen horrors (D:10)
  An ugly thing (D:10)
  3 cyclopes (D:11)
  2 komodo dragons
  A hornet (D:11)
  A queen bee (D:9)
  Prince Ribbit (Lair:1)
  2 hippogriffs (D:9)
  3 blink frogs (Lair:1)
  14 yaks
  2 wyverns
  Grum (D:9)
  Menkaure (D:6)
  An acid dragon (D:11)
  15 orc warriors
  A porcupine (D:11)
  2 sky beasts
  4 black bears
  An eye of draining (D:8)
  2 necrophages
  A phantom (D:9)
  4 wolves
  10 ogres
  3 centaurs
  2 big kobolds (D:7)
  An elf zombie (Ossuary)
  9 bullfrogs
  A wyvern zombie (D:6)
  4 scorpions
  13 killer bees
  2 howler monkeys (D:7)
  4 jellies
  6 crimson imps
  A quasit (D:6)
  2 centaur zombies (Ossuary)
  A bullfrog zombie (D:8)
  A hound (D:9)
  3 bullfrog skeletons
  A human zombie (Ossuary)
  12 orc priests
  A centaur skeleton (D:8)
  2 iguanas
  6 orc wizards
  11 worker ants
  2 big kobold zombies (Ossuary)
  2 hound skeletons
  2 mummies (Ossuary)
  A worker ant zombie (D:9)
  2 howler monkey zombies
  9 gnolls
  12 adders
  An ooze (D:6)
  2 adder zombies (Ossuary)
  3 worms (D:2)
  2 dart slugs
  4 leopard geckos
  42 orcs
  A ball python (D:3)
  7 bats
  20 giant cockroaches
  11 goblins
  11 hobgoblins
  18 jackals
  7 quokkas
  3 frilled lizards
  7 hobgoblin zombies (Ossuary)
  2 jackal zombies (Ossuary)
  15 kobolds
  9 kobold zombies (Ossuary)
  A leopard gecko skeleton (D:6)
  11 orc zombies (Ossuary)
  A quokka skeleton (D:8)
  6 rats
  2 plants (D:9)
379 creatures vanquished.

Vanquished Creatures (others)
  2 centaurs
  A kobold (D:8)
  21 fungi (D:11)
  25 plants
49 creatures vanquished.

Grand Total: 428 creatures vanquished

Notes
Turn   | Place    | Note
-------+----------+-------------------------------------------
     0 | D:1      | Inarius the Halfling Fighter began the quest for the Orb.
     0 | D:1      | Reached XP level 1. HP: 15/15 MP: 1/1
    40 | D:1      | Reached XP level 2. HP: 10/20 MP: 2/2
   446 | D:1      | Reached XP level 3. HP: 24/26 MP: 3/3
   733 | D:1      | Reached skill level 1 in Stealth
  1588 | D:2      | Reached XP level 4. HP: 31/31 MP: 4/4
  1958 | D:2      | Reached skill level 1 in Slings
  2368 | D:2      | Reached XP level 5. HP: 36/36 MP: 5/5
  2471 | D:2      | Reached skill level 1 in Dodging
  3428 | D:4      | Reached XP level 6. HP: 31/42 MP: 6/6
  3601 | D:4      | Found a sand-covered staircase.
  3609 | Ossuary  | Entered an ossuary
  3935 | Ossuary  | HP: 2/42 [centaur zombie (2)]
  3954 | Ossuary  | Reached XP level 7. HP: 11/46 MP: 7/7
  4032 | Ossuary  | HP: 1/46 [elf zombie (6)]
  5128 | D:5      | Entered Level 5 of the Dungeon
  5141 | D:5      | Found a staircase to the Ecumenical Temple.
  5298 | D:5      | Reached skill level 5 in Slings
  5780 | D:5      | Reached XP level 8. HP: 54/54 MP: 8/8
  5793 | D:5      | Found an iron altar of Okawaru.
  6021 | Temple   | Entered the Ecumenical Temple
  6063 | Temple   | Became a worshipper of Dithmenos the Shadowed
  6579 | D:6      | Found Citin's Magic Scroll Emporium.
  6582 | D:6      | Bought a scroll of identify for 24 gold pieces
  6582 | D:6      | Bought a scroll of enchant weapon for 90 gold pieces
  6582 | D:6      | Bought a scroll of identify for 24 gold pieces
  6582 | D:6      | Bought a scroll of identify for 24 gold pieces
  6582 | D:6      | Bought a scroll of identify for 24 gold pieces
  6619 | D:6      | Noticed a wyvern
  6631 | D:6      | Killed a wyvern
  6631 | D:6      | Reached skill level 5 in Shields
  7118 | D:6      | Reached skill level 5 in Armour
  7132 | D:6      | Noticed Menkaure
  7411 | D:6      | Killed Menkaure
  7411 | D:6      | Reached skill level 5 in Stealth
  7982 | D:6      | Reached XP level 9. HP: 49/58 MP: 9/9
  8165 | D:7      | Reached skill level 5 in Short Blades
  8262 | D:7      | Found Diatyr's Assorted Antiques.
  8306 | D:7      | Bought a scroll of identify for 54 gold pieces
  8306 | D:7      | Bought a scroll labeled EKKANUY UQALE for 27 gold pieces
  8461 | D:7      | Reached * piety under Dithmenos
  9389 | D:8      | Found Nuthraud's Magic Scroll Shop.
  9395 | D:8      | Found Ytsoluimoh's Book Shoppe.
  9724 | D:8      | Reached XP level 10. HP: 65/65 MP: 10/10
  9807 | D:8      | Reached ** piety under Dithmenos
  9907 | D:8      | Reached skill level 5 in Fighting
 10487 | D:9      | Noticed a two-headed ogre
 10499 | D:9      | Killed a two-headed ogre
 11206 | D:9      | Reached *** piety under Dithmenos
 11700 | D:9      | Reached XP level 11. HP: 72/72 MP: 11/11
 12468 | D:10     | Entered Level 10 of the Dungeon
 12784 | D:10     | Killed an unseen horror
 12879 | D:10     | Noticed Grum
 13003 | D:9      | Killed Grum
 13537 | D:10     | Reached skill level 5 in Dodging
 13905 | D:7      | Bought a crude ring mail for 243 gold pieces
 13916 | D:7      | Identified the +0 ring mail "Kery" {Dex+3} (You bought it
                  | in a shop on level 7 of the Dungeon)
 14076 | D:10     | Reached **** piety under Dithmenos
 14168 | D:10     | Noticed Snorg
 14204 | D:10     | Killed Snorg
 14443 | D:10     | Found a roughly hewn altar of Beogh.
 14783 | D:11     | Noticed a cyclops
 14785 | D:11     | Killed a cyclops
 14786 | D:11     | Found a staircase to the Orcish Mines.
 14797 | D:11     | Found a runed gate.
 14798 | D:11     | Found a runed gate.
 14798 | D:11     | Found a runed gate.
 14803 | D:11     | Noticed HydraWiggins's ghost (novice TrIE)
 14860 | D:11     | Noticed a cyclops
 14868 | D:11     | Killed a cyclops
 14880 | D:11     | Noticed a cyclops
 14883 | D:11     | Killed a cyclops
 14883 | D:11     | Reached skill level 10 in Slings
 14883 | D:11     | Reached XP level 12. HP: 73/80 MP: 12/12
 14995 | D:11     | Reached skill level 1 in Evocations
 15104 | D:11     | Paralysed by a hornet for 3 turns
 15631 | D:11     | Reached skill level 10 in Shields
 15763 | D:10     | Killed an unseen horror
 15980 | D:10     | Reached skill level 10 in Stealth
 16055 | D:11     | Reached ***** piety under Dithmenos
 16240 | D:11     | Found a staircase to the Lair.
 16311 | D:7      | Bought a helmet for 121 gold pieces
 16854 | Lair:1   | Entered Level 1 of the Lair of Beasts
 16921 | Lair:1   | Noticed Prince Ribbit
 16970 | Lair:1   | Killed Prince Ribbit
 17012 | Lair:1   | Noticed a seven-headed hydra
 17157 | Lair:1   | HP: 4/82 [seven-headed hydra (10)]
 17157 | Lair:1   | Mangled by a seven-headed hydra

Vault maps used:
D:1:      dpeg_arrival_pits, nrook_loot_triangle,
          corexii_item_surrounded_by_moat, minmay_misc_feat_pillars
D:2:      minmay_roachtagon, serial_bayou, serial_bayou_pond_b,
          serial_bayou_pond_a, serial_bayou_shore_b, serial_bayou_ford_a,
          serial_bayou_lake_a, hex_intersection
D:3:      first_ration
D:4:      chequers_ossuary_entry_cave
D:5:      overflow_temple_1_default, minmay_temple_entry_trees
D:6:      serial_shops, kennysheep_mini, minmay_misc_feat_rows, uniq_menkaure
D:7:      serial_shops, shop
D:8:      serial_shops, shop, shop
D:9:      special_room, david_nohive_1, serial_bayou_pond_c
D:10:     david_defended_altar_orc, uniq_snorg, uniq_grum
D:11:     grunt_lair_entry_orc_guard_hut, orc_0_dummy, ebering_ghost_rock_garden
Temple:   kilobyte_greek_temple
Lair:1:   minmay_guarded_unrand_snakebite, nicolae_quartered_pool_little,
          uniq_prince_ribbit2
Ossuary:  ossuary_tomb_1

Skill      XL: |  1  2  3  4  5  6  7  8  9 10 11 12 |
---------------+-------------------------------------+-----
Fighting       | 3 4 5 6 7 |  7.9
Stealth        | 1 2 3 4 5 6 8 9 10 | 10.4
Short Blades   | 3 4 5 7 8 |  8.7
Slings         | 1 2 4 5 6 8 10 | 10.4
Dodging        | 1 2 3 4 5 6 |  6.0
Armour         | 4 5 6 7 |  7.0
Shields        | 4 5 7 8 9 10 | 10.6
Evocations     | 1 |  1.1

Action                   |  1- 3 |  4- 6 |  7- 9 | 10-12 || total
-------------------------+-------+-------+-------+-------++-------
Melee: Rapier            |   128 |       |       |       ||   128
       Dagger            |     4 |   156 |   408 |  1092 ||  1660
 Fire: Hunting sling     |       |   149 |   182 |   166 ||   497
Evoke: Lightning rod     |       |       |       |     3 ||     3
       Wand              |       |       |       |    14 ||    14
  Use: Potion            |     1 |     7 |     2 |     1 ||    11
       Scroll            |       |     8 |     9 |    17 ||    34
 Stab: Sleeping          |       |     1 |     1 |    12 ||    14
       Invisible         |       |     2 |       |       ||     2
       Fleeing           |       |       |     1 |       ||     1
       Distracted        |       |       |       |     3 ||     3
  Eat: Chunk             |     2 |     6 |    13 |    25 ||    46
       Ration            |       |     1 |     1 |       ||     2
Armor: Scale mail        |    49 |       |       |       ||    49
       Ring mail         |    19 |    52 |    73 |    49 ||   193
       Troll leather arm |       |       |       |    56 ||    56
Dodge: Dodged            |    57 |    86 |   160 |   341 ||   644
Block: Shield            |    80 |   110 |   296 |   588 ||  1074
       Reflection        |       |       |    14 |    11 ||    25

Table legend:
 A = Non-vault XP
 B = Vault XP
 C = Vault XP percentage of total XP
 D = Non-vault monster count
 E = Vault monster count
 F = Vault count percentage of total count
                 A         B        C        D         E       F
            +---------+---------+-------+---------+---------+-------
      Total |   16176 |    7058 |  30.4 |     248 |     131 |  34.6
            +---------+---------+-------+---------+---------+-------
        D:1 |      56 |       0 |   0.0 |      25 |       0 |   0.0
        D:2 |      83 |      43 |  34.1 |      22 |      16 |  42.1
        D:3 |      62 |       0 |   0.0 |      26 |       0 |   0.0
        D:4 |     106 |       0 |   0.0 |       2 |       0 |   0.0
        D:5 |     422 |       0 |   0.0 |      18 |       0 |   0.0
        D:6 |     736 |     169 |  18.7 |      20 |       1 |   4.8
        D:7 |    1652 |       0 |   0.0 |      35 |       0 |   0.0
        D:8 |    1058 |     126 |  10.6 |      24 |       2 |   7.7
        D:9 |    2561 |    1607 |  38.6 |      21 |      33 |  61.1
       D:10 |    5066 |    2138 |  29.7 |      32 |      12 |  27.3
       D:11 |    3908 |    1538 |  28.2 |      20 |      24 |  54.5
     Temple |       2 |       0 |   0.0 |       1 |       0 |   0.0
     Lair:1 |     464 |    1083 |  70.0 |       2 |       4 |  66.7
    Ossuary |       0 |     354 | 100.0 |       0 |      39 | 100.0
            +---------+---------+-------+---------+---------+-------
